 Dungeon Crawl Stone Soup version 0.20-a0-1086-g4bd2f5b (webtiles) character file.

526 kuniqs the Skirmisher (level 7, -2/44 HPs)
             Began as a Gargoyle Fighter on May 1, 2017.
             Slain by an orc warrior
             ... wielding a +0 trident
              (19 damage)
             ... on level 3 of the Dungeon.
             The game lasted 00:05:32 (2792 turns).

kuniqs the Skirmisher (Gargoyle Fighter)            Turns: 2792, Time: 00:05:33

Health: -2/44      AC: 12    Str: 19    XL:     7   Next: 23%
Magic:  7/7        EV:  8    Int:  9    God:
Gold:   108        SH:  9    Dex: 11    Spells: 6/6 levels left

rFire    . . .     SeeInvis .   a - +0 war axe
rCold    . . .     Gourm    .   c - +0 shield
rNeg     + . .     Faith    .   b - +0 scale mail
rPois    ∞         Spirit   .   (no helmet)
rElec    +         Reflect  .   (no cloak)
rCorr    .         Harm     .   (no gloves)
MR       .....                  (no boots)
Stlth    ..........             (no amulet)
Regen    0.2/turn               (no ring)
MPRegen  0.1/turn               (no ring)

@: no status effects
A: negative energy resistance 1, electricity resistance, unbreathing,
petrification resistance, rot immunity, AC +4
a: no special abilities


You were on level 3 of the Dungeon.
You were not hungry.

You visited 1 branch of the dungeon, and saw 5 of its levels.

You collected 108 gold pieces.

Inventory:

Hand Weapons
 a - a +0 war axe (weapon)
Armour
 b - a +0 scale mail (worn)
 c - a +0 shield (worn)
Jewellery
 l - an uncursed ring of protection from magic {unknown}
Scrolls
 k - a scroll of teleportation {unknown}
 m - 2 scrolls of identify {unknown}
 o - a scroll of fear {unknown}
 p - a scroll of enchant weapon {unknown}
 s - a scroll of remove curse {unknown}
Potions
 f - a potion of might
 h - a potion of flight {unknown}
 i - a potion of ambrosia {unknown}
 j - 3 potions of curing {unknown}
 q - a potion of lignification {unknown}
 r - a potion of heal wounds {unknown}
Comestibles
 d - 4 bread rations
 e - 3 meat rations
 g - a royal jelly


   Skills:
 + Level 4.9 Fighting
 + Level 3.3 Axes
 + Level 4.7 Armour
 + Level 2.5 Dodging
 + Level 4.9 Shields


You had 6 spell levels left.
You didn't know any spells.

Dungeon Overview and Level Annotations

Branches:
Dungeon (5/15)
 Temple: D:4-7

Altars:


Innate Abilities, Weirdness & Mutations

You are resistant to torment.
Your stone body is resilient. (AC +4)
You are immune to poison.
You resist negative energy. (rN+)
You are resistant to electric shocks. (rElec)
You can survive without breathing.
You are immune to petrification.
You are immune to rotting.


Message History

The puff of flame hits you!
The orc warrior hits you but does no damage.
You hit the orc wizard but do no damage.
You closely miss the orc warrior. The orc wizard hits you with a dagger.
The orc warrior hits you with a trident!
The orc wizard hits you but does no damage.
You hit the orc wizard.
Your shield and scale mail prevent you from hitting the orc warrior.
The orc wizard casts a spell at you. The magic dart hits you!
The orc warrior barely misses you.
You are too injured to fight recklessly!
You are too injured to fight recklessly!
You are too injured to fight recklessly!
You are too injured to fight recklessly!
You hit the orc warrior. You closely miss the orc wizard.
The orc wizard hits you but does no damage.
You block the orc warrior's attack. The orc wizard hits you with a dagger.
You closely miss the orc warrior. You miss the orc wizard.
The orc warrior hits you with a trident!!
You die...

#.# #...#.#
#.#############.#.#
#.........oo......#
###############o###
#......#.#
#.####.#.#
#.#....#.#
#....#ooo#
#.#.##@### ########


You could see an orc warrior, an orc wizard and an orc.

Vanquished Creatures
  Menkaure (D:5)
  A phantom (D:4)
  A bullfrog (D:3)
  An orc priest (D:3)
  An orc wizard (D:3)
  Terence (D:3)
  8 adders
  A shadow imp (D:5)
  2 oozes (D:3)
  A worm (D:2)
  3 leopard geckos
  7 orcs (D:3)
  3 ball pythons
  5 bats
  5 giant cockroaches
  2 goblins
  3 hobgoblins
  7 jackals (D:1)
  A quokka (D:4)
  5 frilled lizards
  9 kobolds
  9 rats
77 creatures vanquished.

Notes
Turn   | Place    | Note
-------+----------+-------------------------------------------
     0 | D:1      | kuniqs the Gargoyle Fighter began the quest for the Orb.
     0 | D:1      | Reached XP level 1. HP: 14/14 MP: 1/1
    95 | D:1      | Reached XP level 2. HP: 19/19 MP: 2/2
   466 | D:1      | Reached XP level 3. HP: 21/23 MP: 3/3
   888 | D:2      | Reached skill level 1 in Dodging
   888 | D:2      | Reached XP level 4. HP: 25/29 MP: 4/4
  1228 | D:3      | You fall through a shaft for 2 floors!
  1228 | D:5      | Entered Level 5 of the Dungeon
  1240 | D:5      | Noticed Menkaure
  1252 | D:5      | HP: 1/29 [Menkaure (2)]
  1254 | D:5      | Killed Menkaure
  1254 | D:5      | Reached XP level 5. HP: 2/34 MP: 5/5
  1614 | D:4      | Noticed a phantom
  1671 | D:4      | Killed a phantom
  1671 | D:4      | Reached XP level 6. HP: 14/39 MP: 6/6
  1992 | D:3      | Noticed Terence
  2010 | D:3      | Killed Terence
  2108 | D:3      | Reached XP level 7. HP: 44/44 MP: 7/7
  2792 | D:3      | Slain by an orc warrior

Vault maps used:
D:1:      minmay_arrival_stone_box
D:3:      uniq_terence
D:4:      kb_forest_paths, grunt_temple_overflow_open, uniq_crazy_yiuf_cottage,
          uniq_robin, uniq_ijyb, uniq_duvessa, uniq_grinder
D:5:      kennysheep_spiral_hall, gammafunk_temple_overflow_statue, first_bread,
          tgw_fedhas, uniq_menkaure

Skill      XL: |  1  2  3  4  5  6 |
---------------+-------------------+-----
Axes           | 2 3 |  3.3
Dodging        | 1 2 |  2.5
Fighting       | 4 |  4.9
Armour         | 4 |  4.7
Shields        | 4 |  4.9

Action                   |  1- 3 |  4- 6 |  7- 9 || total
-------------------------+-------+-------+-------++-------
Melee: War axe           |   131 |   109 |    53 ||   293
  Eat: Chunk             |       |     4 |     3 ||     7
Armor: Scale mail        |    75 |    60 |    33 ||   168
Dodge: Dodged            |    41 |    23 |    18 ||    82
Block: Shield            |    56 |    54 |    33 ||   143
